 Dungeon Crawl Stone Soup version 0.17-a0-2211-gbb7320e (webtiles) character file.

1766 Ordine the Thaumaturge (level 8, -11/45 HPs)
             Began as a Deep Elf Wizard on Oct 27, 2015.
             Was an Initiate of Vehumet.
             Shot with a silver sling bullet by Joseph (15 damage)
             ... while paralysed by Joseph
             ... on level 7 of the Dungeon.
             The game lasted 00:28:00 (6488 turns).

Ordine the Thaumaturge (Deep Elf Wizard)            Turns: 6488, Time: 00:28:00

Health: -11/45     AC:  3    Str:  4    XL:     8   Next: 79%
Magic:  17/31      EV:  2    Int: 26    God:    Vehumet [......]
Gold:   322        SH:  0    Dex: 15    Spells: 5 memorised, 13 levels left

rFire  . . .     SeeInvis +     u - +4 quarterstaff "Eczao" {elec, rPois rN++ Dex+2}
rCold  . . .     Clarity  .     a - +1 robe
rNeg   + + .     SustAt   .     (no shield)
rPois  +         Gourm    .     b - +0 hat
rElec  .         Spirit   .     (no cloak)
rCorr  .         Warding  .     (no gloves)
rMut   .         Stasis   .     (no boots)
MR     .....                    (no amulet)
Stlth  +++.......               p - ring of stealth
                                k - ring of magical power

@: paralysed, not resistant to hostile enchantments, fairly stealthy
A: see invisible, MP-powered wands
a: Renounce Religion


You were on level 7 of the Dungeon.
You worshipped Vehumet.
Vehumet was noncommittal.
You were not hungry.

You visited 2 branches of the dungeon, and saw 8 of its levels.

You collected 322 gold pieces.

Inventory:

Hand Weapons
 u - the +4 quarterstaff "Eczao" (weapon) {elec, rPois rN++ Dex+2}
   (You found it on level 5 of the Dungeon)

   Occasionally, upon striking a foe, it will discharge some electrical energy
   and cause terrible harm.
   It affects your dexterity (+2).
   It protects you from poison.
   It greatly protects you from negative energy.
Armour
 a - a +1 robe (worn)
 b - a +0 hat (worn)
Jewellery
 k - a ring of magical power (left hand)
 p - a ring of stealth (right hand)
Wands
 g - a wand of fire (5)
 y - a wand of cold (8)
Scrolls
 m - 2 scrolls of teleportation
 q - a scroll of fog
 t - a scroll of magic mapping
 v - 2 scrolls of enchant weapon
 x - 2 scrolls of remove curse
Potions
 e - 4 potions of brilliance
 i - a potion of flight
 j - 4 potions of heal wounds
 n - 3 potions of curing
 r - a potion of invisibility {unknown}
 s - a potion of poison {unknown}
 z - a potion of lignification {unknown}
Books
 c - a book of Minor Magic

   Spells                             Type                      Level
   a - Magic Dart                     Conjuration                  1
   b - Blink                          Translocation                2
   c - Call Imp                       Summoning                    2
   d - Repel Missiles                 Charms/Air                   2
   e - Slow                           Hexes                        2
   f - Conjure Flame                  Conjuration/Fire             3
   g - Mephitic Cloud                 Conjuration/Poison/Air       3
 o - a Grand Grimoire

   Spells                             Type                      Level
   a - Monstrous Menagerie            Summoning                    6
   b - Summon Greater Demon           Summoning                    7
   c - Malign Gateway                 Summoning/Translocation      7
   d - Summon Horrible Things         Summoning                    8
 w - the Catalogue of Icy Attacks
   (You found it on level 6 of the Dungeon)

   Spells                             Type                      Level
   a - Sting                          Conjuration/Poison           1
   b - Freeze                         Ice                          1
   c - Throw Frost                    Conjuration/Ice              2
   d - Poisonous Cloud                Conjuration/Poison/Air       6
   e - Simulacrum                     Ice/Necromancy               6
 B - a book of Callings

   Spells                             Type                      Level
   a - Summon Small Mammal            Summoning                    1
   b - Call Imp                       Summoning                    2
   c - Call Canine Familiar           Summoning                    3
   d - Summon Guardian Golem          Hexes/Summoning              3
   e - Summon Lightning Spire         Summoning/Air                4
   f - Summon Ice Beast               Ice/Summoning                4
Comestibles
 d - 4 bread rations
 f - 6 meat rations
 h - a royal jelly
 l - a slice of pizza
 A - a chunk of flesh


   Skills:
 + Level 2.9 Fighting
   Level 1.6 Short Blades
 + Level 2.4 Staves
 - Level 2.0 Armour
 + Level 3.1 Dodging
 - Level 2.4 Stealth
 * Level 8.7 Spellcasting
 + Level 5.8 Conjurations
   Level 1.1 Summonings
 - Level 3.0 Translocations
 + Level 3.1 Fire Magic
 + Level 3.4 Air Magic


You had 13 spell levels left.
You knew the following spells:

 Your Spells              Type           Power        Failure   Level  Hunger
a - Magic Dart            Conj           ####         1%          1    None
b - Blink                 Tloc           N/A          2%          2    None
c - Conjure Flame         Conj/Fire      ####....     2%          3    None
d - Mephitic Cloud        Conj/Pois/Air  ####....     6%          3    None
e - Repel Missiles        Chrm/Air       ###...       4%          2    None


Dungeon Overview and Level Annotations

Branches:
Dungeon (7/15)             Temple (1/1) D:5

Altars:
Ashenzari
Cheibriados
Dithmenos
Elyvilon
Fedhas
Gozag
Kikubaaqudgha
Makhleb
Nemelex Xobeh
Okawaru
Qazlal
Ru
Sif Muna
Trog
Vehumet
Yredelemnul
Zin
The Shining One

Annotations:
D:7 Joseph


Innate Abilities, Weirdness & Mutations

You have supernaturally acute eyesight.
You expend magic power (3 MP) to strengthen your wands.


Message History

The silver sears you!
Casting: Magic Dart
Confirm with . or Enter, or press ? or * to list all spells.
Aiming: Magic Dart
Press: ? - help, Shift-Dir - straight line, f/p - Joseph
Aim: Joseph, wielding a hunting sling and wearing a ring mail (moderately wounded)
The magic dart hits Joseph.
Joseph is moderately wounded.
Joseph zaps a wand.
You suddenly lose the ability to move!
It is a wand of paralysis.
Joseph zaps a wand.
You easily resist.
Joseph shoots a silver sling bullet.
The silver sling bullet hits you! The silver sears you!
Joseph zaps a wand.
You shrug off the repeated paralysis!
Joseph shoots a silver sling bullet.
The silver sling bullet hits you!
* * * LOW HITPOINT WARNING * * *
The silver sears you!
* * * LOW HITPOINT WARNING * * *
Joseph shoots a silver sling bullet.
The silver sling bullet hits you!
You die...

@... ..... .... #..#
#..##..# #(.##(.
#########..##.. .#
#..)....@...#.. #.#
#.#######...#.# #.#
#.......#.# #.#
#.......#.# #.#
#..####.#.## #.#
#.........รท####.#
##.####.........#
#.####.#..###..#####
... ................


You could see Joseph.

Vanquished Creatures
  Prince Ribbit (D:7)
  The ghost of Xuu the Magician, an amateur KoEn (D:6)
  A hippogriff (D:7)
  2 sky beasts
  An ice beast (D:6)
  A phantom (D:6)
  2 ogres
  3 giant frogs
  The ghost of wojtek the Sneak, a weakling KoAs (D:3)
  A giant frog zombie (D:4)
  A centaur skeleton (D:5)
  4 orc wizards
  5 worker ants
  6 adders
  6 gnolls
  3 worms
  4 giant geckos
  18 orcs
  6 giant cockroaches
  4 hobgoblins
  8 bats
  A giant gecko zombie (D:5)
  4 giant newts
  9 goblins
  12 jackals
  18 kobolds
  4 quokkas
  12 rats
139 creatures vanquished.

Vanquished Creatures (others)
  A plant (D:1)
1 creature vanquished.

Grand Total: 140 creatures vanquished

Notes
Turn   | Place    | Note
--------------------------------------------------------------
     0 | D:1      | Ordine the Deep Elf Wizard began the quest for the Orb.
     0 | D:1      | Reached XP level 1. HP: 10/10 MP: 7/7
   380 | D:1      | Reached XP level 2. HP: 15/15 MP: 7/9
   395 | D:1      | Learned a level 2 spell: Blink
   398 | D:1      | Learned a level 2 spell: Repel Missiles
   539 | D:1      | Gained mutation: You have supernaturally acute eyesight. [potion of mutation]
   539 | D:1      | Gained mutation: You expend magic power (3 MP) to strengthen your wands. [potion of mutation]
  1181 | D:1      | Reached XP level 3. HP: 19/19 MP: 6/11
  1568 | D:2      | Reached skill level 5 in Spellcasting
  1646 | D:2      | Found a faded altar to an unknown god.
  1913 | D:2      | Reached XP level 4. HP: 24/24 MP: 8/13
  2462 | D:3      | Noticed wojtek's ghost (weakling KoAs)
  2469 | D:2      | Learned a level 3 spell: Conjure Flame
  2473 | D:2      | Learned a level 3 spell: Mephitic Cloud
  2581 | D:3      | Killed wojtek's ghost
  2709 | D:3      | Reached XP level 5. HP: 22/28 MP: 1/15
  2955 | D:3      | Reached skill level 1 in Air Magic
  3141 | D:3      | Reached skill level 1 in Short Blades
  3513 | D:4      | Reached skill level 1 in Fighting
  3513 | D:4      | Reached XP level 6. HP: 32/34 MP: 16/16
  3759 | D:4      | Reached skill level 6 in Spellcasting
  3933 | D:4      | Noticed an ogre
  3943 | D:4      | Killed an ogre
  3943 | D:4      | Reached skill level 1 in Armour
  3943 | D:4      | Reached skill level 1 in Fire Magic
  4129 | D:4      | Reached skill level 5 in Conjurations
  4129 | D:4      | Reached XP level 7. HP: 27/38 MP: 18/18
  4325 | D:4      | Found a glowing golden altar of the Shining One.
  4325 | D:4      | Found an opulent altar of Gozag.
  4494 | D:5      | Entered Level 5 of the Dungeon
  4609 | D:5      | Got a dazzling quarterstaff
  4610 | D:5      | Identified the +4 quarterstaff "Eczao" {elec, rPois rN++ Dex+2} (You found it on level 5 of the Dungeon)
  5196 | D:5      | Found a staircase to the Ecumenical Temple.
  5206 | Temple   | Entered the Ecumenical Temple
  5215 | Temple   | Became a worshipper of Vehumet
  5397 | D:6      | Reached skill level 7 in Spellcasting
  5643 | D:6      | Reached skill level 1 in Staves
  5699 | D:6      | Noticed Xuu's ghost (amateur KoEn)
  5712 | D:6      | Killed Xuu's ghost
  5712 | D:6      | Reached XP level 8. HP: 38/44 MP: 12/21
  5759 | D:6      | Identified the Catalogue of Icy Attacks
  6152 | D:6      | Found a shattered altar of Ashenzari.
  6241 | D:7      | Reached skill level 8 in Spellcasting
  6441 | D:7      | Noticed Prince Ribbit
  6453 | D:7      | Killed Prince Ribbit
  6477 | D:7      | Noticed Joseph
  6483 | D:7      | Paralysed by Joseph for 7 turns
  6488 | D:7      | Shot with a silver sling bullet by Joseph

Vault maps used:
D:1:      dpeg_arrival_simpleton_b, lexackson_kobold_supper
D:2:      ecumenical_altar_2, hex_large
D:3:      first_bread
D:4:      nicolae_overflow_hidden_temple
D:5:      lemuel_temple_firewalk_marked
D:6:      lemuel_coloured_pillars_altar
D:7:      the_bakery, uniq_joseph, uniq_prince_ribbit1
Temple:   nicolae_temple_no_exploring_needed

Action                   |  1- 3 |  4- 6 |  7- 9 || total
-------------------------+-------+-------+-------++-------
Melee: Dagger            |    23 |     3 |       ||    26
       Short sword       |       |     1 |       ||     1
       Quarterstaff      |       |       |     9 ||     9
 Cast: Magic Dart        |    75 |   209 |   153 ||   437
       Blink             |     5 |       |       ||     5
       Repel Missiles    |     1 |     1 |     1 ||     3
       Conjure Flame     |       |     5 |     8 ||    13
       Mephitic Cloud    |       |       |     1 ||     1
  Use: Scroll            |     6 |     7 |     2 ||    15
       Potion            |     1 |       |       ||     1
  Eat: Chunk             |     3 |     7 |     5 ||    15
       Pizza             |       |       |     1 ||     1
